[Event "Early-Titled-Tuesday-Blitz-September-26-2023"]
[Site "Chess.com"]
[Date "2023.09.26"]
[Round "4"]
[White "stasOR4ik"]
[Black "amelia91"]
[Result "1-0"]
[WhiteElo "2446"]
[BlackElo "2131"]
[TimeControl "180+1"]
[EndTime "8:39:12 PDT"]
[Termination "stasOR4ik won by checkmate"]

1. e4 c5 2. c3 d5 3. exd5 Qxd5 4. Nf3 Nc6 5. d4 Bg4 6. Be2 cxd4 7. cxd4 e6 8. Nc3 Qa5 9. O-O Nf6 10. Bf4 Be7 11. a3 Nd5 12. Nxd5 exd5 13. h3 Bh5 14. Ne5 Bxe2 15.
Qxe2 Nxd4 16. Qg4 O-O 17. Bh6 Ne6 18. f4 Bf6 19. Rae1 Rfe8 20. Kh1 Rad8 21. f5 Nc5 22. Bxg7 Bxg7 23. f6 Ne6 24. Nxf7 Kxf7 25. Rxe6 Bh8 26.
Rxe8 Rxe8 27. Qh5+ Kf8 28. Qxh7 Rd8 29. Qxh8+ Kf7 30.
Qg7+ Ke6 31. Qe7# 1-0

[Event "Early-Titled-Tuesday-Blitz-September-26-2023"]
[Site "Chess.com"]
[Date "2023.09.26"]
[Round "4"]
[White "Bodhanas"]
[Black "ploxoi"]
[Result "0-1"]
[WhiteElo "2036"]
[BlackElo "2424"]
[TimeControl "180+1"]
[EndTime "8:39:12 PDT"]
[Termination "ploxoi won by checkmate"]

1. d4 d5 2. Nf3 e6 3. Bf4 Nf6 4. c3 Bd6 5. Bxd6 Qxd6 6. e3 O-O 7. Bd3 c5 8. O-O Nc6 9. Nbd2 e5 10. dxe5 Nxe5 11.
Nxe5 Qxe5 12. Re1 Bg4 13. Nf3 Qh5 14. Be2 Qh6 15. h3 Be6 16. Ne5 Rfd8 17. Ng4 Bxg4 18. Bxg4 Qg5 19. Bf3 h5 20. Qc2 Rac8 21. Rad1 b6 22.
Rd2 h4 23. Red1 Qe5 24. c4 d4 25. exd4 Rxd4 26. Rxd4 cxd4 27. b3 Rd8 28. Qd3 a5 29.
Qe2 Qxe2 30. Bxe2 Kf8 31. Bd3 Ke7 32. Kf1 Kd6 33. Ke2 Nd7 34. Kd2 Nc5 35. Re1 g6 36. f4 Kd7 37. f5 g5 38. Re5 f6 39.
Re2 Re8 40. Rxe8 Kxe8 41. Bc2 Ke7 42. a3 Kd6 43. b4 axb4 44. axb4 Nd7 45. Kd3 Ke5 46.
Ba4 Nb8 47. c5 bxc5 48. bxc5 Kd5 49. c6 Nxc6 50. Bxc6+ Kxc6 51. Kxd4 Kd6 52. Ke4 Kc5 53.
Kf3 Kd4 54. g3 hxg3 55. Kxg3 Ke5 56. Kg4 Ke4 57. h4 gxh4 58. Kxh4 Kxf5 59. Kg3 Ke4 60. Kf2 Kf4 61. Kg2 Ke3 62. Kf1 f5 63. Kg1 f4 64. Kf1 Kf3 65. Kg1 Ke2 66. Kg2 f3+ 67.
Kg3 f2 68. Kg4 f1=Q 69. Kg5 Qf3 70. Kg6 Qf4 71. Kg7 Qf5 72. Kh8 Qg5 73. Kh7 Ke3 74. Kh8 Ke4 75. Kh7 Kf5 76. Kh8 Kf6 77. Kh7 Qg7# 0-1

[Event "Early-Titled-Tuesday-Blitz-September-26-2023"]
[Site "Chess.com"]
[Date "2023.09.26"]
[Round "4"]
[White "Lady_Nika"]
[Black "Ermito2020"]
[Result "1/2-1/2"]
[WhiteElo "2481"]
[BlackElo "2661"]
[TimeControl "180+1"]
[EndTime "8:39:14 PDT"]
[Termination "Game drawn by repetition"]

1. e4 e6 2. d4 d5 3. exd5 exd5 4. Nf3 Nc6 5. c3 Bd6 6. Bd3 Nge7 7. O-O Bg4 8. Nbd2 Qd7 9. b4 O-O 10. a4 a6 11. Qc2 Bf5 12. Ba3 Bxd3 13. Qxd3 Ng6 14. g3 Nce7 15. c4 dxc4 16. Nxc4 Qxa4 17. Nxd6 cxd6 18.
b5 Qxb5 19. Qxb5 axb5 20. Bxd6 Ra6 21. Bc5 Rfa8 22. Rab1 Ra5 23. Bb6 Ra3 24. Ne5 Nxe5 25. dxe5 Nd5 26. Rxb5 Nxb6 27. Rxb6 R8a7 28. Rfb1 Ra1 29.
Rxb7 Rxb1+ 30. Rxb1 g6 31. Kg2 h5 32. h3 Ra3 33. g4 hxg4 34. hxg4 g5 35. Re1 Kg7 36. e6 fxe6 37. Rxe6 Kf7 38. Re5 Kf6 39. Rf5+ Kg6 40. Rb5 Kf6 41. f3 Ra4 42. Kg3 Kg6 43. Rb6+ Kg7 44. Rc6 Kf7 45. Rc5 Kf6 46. Rf5+ Kg6 47.
f4 gxf4+ 48. Rxf4 Rxf4 49. Kxf4 Kf6 50. g5+ Kg6 51. Kg4 Kg7 52. Kf5 Kf7 53. g6+ Kg7 54. Kg5 Kg8 55. Kg4 Kg7 56. Kh5 Kg8 57. Kg5 Kg7 58. Kf5 Kg8 59. Kf6 Kf8 60. Ke6 Kg7 61. Kf5 Kg8 62. Kf6 Kf8 63. Kg5 Kg7 64. Kh5 Kg8 65. Kh6 Kh8 66. Kg5 Kg7 1/2-1/2

[Event "Early-Titled-Tuesday-Blitz-September-26-2023"]
[Site "Chess.com"]
[Date "2023.09.26"]
[Round "4"]
[White "blitzo_vich"]
[Black "carloseduar100"]
[Result "1-0"]
[WhiteElo "2626"]
[BlackElo "2346"]
[TimeControl "180+1"]
[EndTime "8:39:14 PDT"]
[Termination "blitzo_vich won by checkmate"]

1. Nf3 d5 2. e3 c6 3. c4 Nf6 4. Nc3 Bf5 5. b3 e6 6. Bb2 Nbd7 7. Be2 Bd6 8. Nh4 Be4 9. d3 Bg6 10. Qc2 Qe7 11. Nxg6 hxg6 12. a3 a6 13. d4 e5 14. dxe5 Nxe5 15. cxd5 cxd5 16. Rd1 Rc8 17.
Qb1 Bxa3 18. Nxd5 Nxd5 19. Rxd5 Bb4+ 20. Kf1 Bd6 21. f4 Nc6 22. Qd1 Bb8 23. Bg4 f5 24.
Bf3 Rd8 25. Rxd8+ Nxd8 26. Kf2 O-O 27. Qd5+ Kh7 28. h4 Ba7 29. Qe5 Qxe5 30. Bxe5 b5 31. h5 gxh5 32. Rxh5+ Kg8 33. Rg5 Re8 34. Rxg7+ Kf8 35.
Rxa7 Ne6 36. Bd5 Nc5 37. Bg7# 1-0

[Event "Early-Titled-Tuesday-Blitz-September-26-2023"]
[Site "Chess.com"]
[Date "2023.09.26"]
[Round "4"]
[White "Austen48"]
[Black "maurovargas01"]
[Result "1-0"]
[WhiteElo "2315"]
[BlackElo "1884"]
[TimeControl "180+1"]
[EndTime "8:39:16 PDT"]
[Termination "Austen48 won on time"]

1. d4 d5 2. c4 c6 3. Nf3 e6 4. Qc2 Nf6 5. g3 Nbd7 6. Nbd2 Bd6 7.
Bg2 O-O 8. O-O Qe8 9. e4 dxe4 10. Nxe4 Nxe4 11. Qxe4 Nf6 12. Qe2 Bd7 13. c5 Be7 14.
Ne5 Qc8 15. Bd2 Nd5 16. b4 f6 17. Nc4 Re8 18. f4 Bf8 19. Be4 b6 20. a3 b5 21.
Na5 f5 22. Bg2 Qd8 23. Rae1 Qf6 24. Qd3 Qh6 25. Re5 Nf6 26. Nxc6 Ng4 27. h3 Nxe5 28. Nxe5 Rad8 29. c6 Bc8 30. Be3 Rd6 31. Qxb5 Red8 32. c7 R8d7 33. Nxd7 Rxd7 34. Rc1 Bd6 35. Qb8 1-0

[Event "Early-Titled-Tuesday-Blitz-September-26-2023"]
[Site "Chess.com"]
[Date "2023.09.26"]
[Round "4"]
[White "BlueWizzard"]
[Black "KononenkoD"]
[Result "1-0"]
[WhiteElo "2920"]
[BlackElo "2604"]
[TimeControl "180+1"]
[EndTime "8:39:17 PDT"]
[Termination "BlueWizzard won by checkmate"]

1. d4 d5 2. Nc3 c6 3. Bg5 h6 4. Bh4 Qb6 5. Qd2 Qxb2 6. Rb1 Qa3 7. e4 dxe4 8. Bc4 Nf6 9. Nge2 b5 10. Bb3 a5 11. d5 b4 12. Bxf6 exf6 13. Na4 Bd7 14.
Nb6 Ra7 15. Nc4 a4 16. Nxa3 axb3 17. Qe3 Rxa3 18. Qxe4+ Kd8 19. Rxb3 cxd5 20. Qxd5 Nc6 21. O-O Ra5 22. Qd3 Bc5 23. c3 bxc3 24. Rd1 Ne5 25. Qxc3 Nc6 26. Rb7 Kc8 27. Rbxd7 Re8 28. Ng3 Re5 29. Qb3 Nb4 30. Qxf7 Bxf2+ 31. Kh1 Re1+ 32.
Rxe1 Bxe1 33. Qe8# 1-0

[Event "Early-Titled-Tuesday-Blitz-September-26-2023"]
[Site "Chess.com"]
[Date "2023.09.26"]
[Round "4"]
[White "Mesa_1"]
[Black "Barmen_EV"]
[Result "1-0"]
[WhiteElo "2668"]
[BlackElo "2453"]
[TimeControl "180+1"]
[EndTime "8:39:17 PDT"]
[Termination "Mesa_1 won by checkmate"]

1. d4 Nf6 2. Nf3 g6 3. c4 c5 4. d5 d6 5. Nc3 Bg7 6. e4 e5 7. h3 O-O 8. Bd3 Nbd7 9. g4 Ne8 10. Bg5 Qb6 11. Qd2 f6 12. Be3 Qc7 13. h4 Nb6 14. Rg1 Bd7 15. h5 g5 16. Nh2 h6 17.
f3 a6 18. Nf1 Na4 19. Nd1 b5 20. b3 Nb6 21. Ng3 bxc4 22. bxc4 Rb8 23. Nf5 Bxf5 24. exf5 e4 25. fxe4 Qe7 26. Nc3 Nc7 27. Ke2 Nd7 28. Rab1 Ne5 29. Kf2 Na8 30. Be2 Nb6 31. Qb2 Nbxc4 32.
Qxb8 Rxb8 33. Rxb8+ Kh7 34. Rgb1 Nxe3 35. Kxe3 Nd7 36.
R8b7 Qe5 37. Kd2 Qd4+ 38. Kc2 Ne5 39. Rc7 Nc4 40. Bxc4 Qxc4 41. Rbb7 Qd4 42. Rxg7+ Kh8 43. Rgc7 Qf2+ 44. Kb3 c4+ 45. Kxc4 Qf1+ 46. Kb3 Qb5+ 47. Nxb5 a5 48. Rc8# 1-0

[Event "Early-Titled-Tuesday-Blitz-September-26-2023"]
[Site "Chess.com"]
[Date "2023.09.26"]
[Round "4"]
[White "vladgoncharov"]
[Black "chesslh19"]
[Result "1-0"]
[WhiteElo "2527"]
[BlackElo "2334"]
[TimeControl "180+1"]
[EndTime "8:39:17 PDT"]
[Termination "vladgoncharov won by resignation"]

1. d4 d5 2. c4 e6 3. Nc3 Nf6 4. Nf3 Be7 5. Bg5 O-O 6. e3 h6 7.
Bh4 Ne4 8. Bxe7 Qxe7 9. Rc1 c6 10. Bd3 Nxc3 11. Rxc3 dxc4 12. Bxc4 Nd7 13. O-O b6 14.
Bd3 Bb7 15. Bb1 c5 16. Qd3 g6 17. dxc5 Nxc5 18. Qd4 Bxf3 19. gxf3 Qg5+ 20. Kh1 Rfd8 21. Qg4 Qxg4 22. fxg4 Rd2 23. b4 Nd7 24. a3 Ne5 25. h3 Rad8 26. Kg2 Rb2 27. Be4 Kg7 28. Kg3 b5 29. Rc7 Nc4 30. Bg2 Rdd2 31. Bf3 Nxa3 32. Rxa7 Nc2 33. Rc1 Nxb4 34. Rcc7 Rxf2 35. Rxf7+ Kg8 36.
Rfb7 Rxf3+ 37. Kxf3 1-0

[Event "Early-Titled-Tuesday-Blitz-September-26-2023"]
[Site "Chess.com"]
[Date "2023.09.26"]
[Round "4"]
[White "wqws"]
[Black "FlemingA"]
[Result "1-0"]
[WhiteElo "2661"]
[BlackElo "2447"]
[TimeControl "180+1"]
[EndTime "8:39:21 PDT"]
[Termination "wqws won by resignation"]

1. e4 d6 2. d4 Nf6 3. Nc3 e5 4. Nf3 Nbd7 5. Bc4 Be7 6. O-O O-O 7.
Re1 c6 8. a4 b6 9. d5 cxd5 10.
Nxd5 Bb7 11. Bg5 Nxd5 12. Bxd5 Bxd5 13. Bxe7 Qxe7 14. Qxd5 Nf6 15. Qd3 Rfd8 16. c4 a5 17. Rad1 Rac8 18. Nd2 Nd7 19. Nf1 Nc5 20. Qc2 Ne6 21.
Ne3 Nd4 22. Qd3 Qe6 23. Nd5 Rc6 24. f4 Rdc8 25. f5 Qe8 26. f6 Rxc4 27. Ne7+ Kf8 28. Nxc8 Qxc8 29. fxg7+ Kg8 30. Qe3 Rc2 31. Rf1 Qg4 32.
Rd2 Rxd2 33. Qxd2 Qxe4 34. Qg5 Qg6 35. Qd8+ Kxg7 36. Qxb6 Qh6 37. Qa6 Qe3+ 38. Kh1 Qh6 39. Qxa5 Ne2 40. Qe1 Nf4 41. a5 Qg5 42. Qg3 Qxg3 43.
hxg3 Ne2 44. a6 Nxg3+ 45. Kg1 1-0

[Event "Early-Titled-Tuesday-Blitz-September-26-2023"]
[Site "Chess.com"]
[Date "2023.09.26"]
[Round "4"]
[White "Hilary46"]
[Black "Maxterlopez"]
[Result "1-0"]
[WhiteElo "2587"]
[BlackElo "2744"]
[TimeControl "180+1"]
[EndTime "8:39:22 PDT"]
[Termination "Hilary46 won on time"]

1. e4 e5 2. Nf3 Nc6 3. Bb5 a6 4. Ba4 Nge7 5. Nc3 g6 6. d4 exd4 7. Nd5 Bg7 8. Bg5 h6 9. Bf6 Kf8 10.
Nxd4 Bxf6 11. Nxf6 Nf5 12. exf5 Qxf6 13. Bxc6 dxc6 14. fxg6 Rg8 15. Qd2 Rxg6 16. O-O-O Rxg2 17. Qb4+ Kg7 18. Rhg1 Rg6 19. Qc3 Bg4 20. f3 Bh3 21. f4 Bg4 22. f5 Rg5 23. Ne6+ fxe6 24. Rd7+ Kg8 25. Qxf6 1-0

[Event "Early-Titled-Tuesday-Blitz-September-26-2023"]
[Site "Chess.com"]
[Date "2023.09.26"]
[Round "4"]
[White "Alphafischer2019"]
[Black "KorolDimitriy75"]
[Result "1/2-1/2"]
[WhiteElo "2615"]
[BlackElo "2387"]
[TimeControl "180+1"]
[EndTime "8:39:25 PDT"]
[Termination "Game drawn by repetition"]

1. d4 Nf6 2. Nc3 d5 3. Bf4 g6 4. e3 Bg7 5. h4 h5 6. Nf3 O-O 7. Ne5 c5 8. dxc5 Nc6 9. Be2 Qa5 10. O-O Qxc5 11. Bf3 Rd8 12. Qe2 Bf5 13. Rfd1 Rac8 14. Rd2 Nxe5 15. Bxe5 e6 16. Rad1 a6 17. e4 Bg4 18.
Bxg4 Nxg4 19. Bxg7 Kxg7 20. exd5 exd5 21. Rxd5 Rxd5 22.
Rxd5 Qb6 23. Nd1 Qc6 24. Nc3 Re8 25. Qf1 Qb6 26. Nd1 Qc6 27. Rd2 Qf6 28. f3 Ne3 29. Nxe3 Rxe3 30. Qf2 Qe5 31. Rd1 Re2 32. Qd4 Re1+ 33.
Kf2 Re2+ 34. Kf1 Re1+ 35. Kf2 Re2+ 36. Kg1 Re1+ 37. Kf2 1/2-1/2

[Event "Early-Titled-Tuesday-Blitz-September-26-2023"]
[Site "Chess.com"]
[Date "2023.09.26"]
[Round "4"]
[White "luizzy"]
[Black "Der_Balak_3Halak"]
[Result "1-0"]
[WhiteElo "2630"]
[BlackElo "2379"]
[TimeControl "180+1"]
[EndTime "8:39:26 PDT"]
[Termination "luizzy won by checkmate"]

1. b3 Nf6 2. Bb2 g6 3. Bxf6 exf6 4. c4 d5 5. cxd5 Qxd5 6. Nc3 Qa5 7. a3 c6 8. g3 Bg7 9. e3 Be6 10. Bg2 f5 11. Nge2 O-O 12. O-O Nd7 13. d4 Rfd8 14. b4 Qa6 15. Re1 Nb6 16. Nf4 Nd5 17. Ncxd5 cxd5 18.
Qb3 Rac8 19. Rac1 Qd6 20. Rxc8 Rxc8 21. Bxd5 Re8 22. Rc1 b6 23. Nxe6 fxe6 24. Rc8 Rxc8 25. Bxe6+ Kf8 26. Bxc8 g5 27. Bxf5 h6 28. Qc4 Bf6 29.
Qc8+ Bd8 30. Be4 Kg7 31. Qf5 Qc7 32. Qh7+ Kf8 33. Qxh6+ Ke8 34. Qe6+ Be7 35. Bg6+ Kd8 36. b5 Qc1+ 37. Kg2 Qc7 38. Qg8+ Kd7 39. Bf5+ Kd6 40. Qe6# 1-0

[Event "Early-Titled-Tuesday-Blitz-September-26-2023"]
[Site "Chess.com"]
[Date "2023.09.26"]
[Round "4"]
[White "Me_ch_an"]
[Black "FMStan15"]
[Result "1-0"]
[WhiteElo "2345"]
[BlackElo "2089"]
[TimeControl "180+1"]
[EndTime "8:39:29 PDT"]
[Termination "Me_ch_an won by resignation"]

1. e4 e6 2. d4 d5 3. e5 c5 4. c3 Nc6 5. g3 Qb6 6. Ne2 cxd4 7.
cxd4 Nge7 8. Bh3 Nf5 9. Bxf5 exf5 10. Nbc3 Be6 11. O-O Be7 12. b3 O-O 13. Be3 a6 14. Nf4 Qd8 15. Qd2 Rc8 16. Nh5 g6 17. Nf4 Bb4 18. Rac1 Ne7 19. Rc2 Qa5 20. Rfc1 Rc6 21. Nd3 Bxc3 22. Rxc3 Rxc3 23. Rxc3 Nc6 24. Nc5 Qb6 25.
h4 Rc8 26. Qc1 Na7 27. a4 Qc7 28. Bh6 Qd8 29. Nxe6 fxe6 30. Rxc8 Qxc8 31. Qg5 Qd7 32. Qf6 Qf7 33. Qd8+ 1-0

[Event "Early-Titled-Tuesday-Blitz-September-26-2023"]
[Site "Chess.com"]
[Date "2023.09.26"]
[Round "4"]
[White "draksbg"]
[Black "Fleetw00dMac"]
[Result "0-1"]
[WhiteElo "2657"]
[BlackElo "2483"]
[TimeControl "180+1"]
[EndTime "8:39:30 PDT"]
[Termination "Fleetw00dMac won by resignation"]

1. d4 Nf6 2. Nf3 g6 3. Nbd2 d5 4. e3 Bg7 5. b4 O-O 6. Be2 b6 7. O-O c5 8. c3 Nbd7 9. a4 cxb4 10. cxb4 a6 11. Bb2 Bb7 12. Qb3 Re8 13. Rac1 e6 14. h3 Bf8 15. Ba3 Bd6 16. Rc3 Qe7 17. Rfc1 Rec8 18.
Bd3 Kg7 19. a5 bxa5 20. Rb1 Rxc3 21. Qxc3 Rc8 22. Qb3 Ne4 23. Bxe4 dxe4 24. Ne1 Bd5 25. Qa4 axb4 26. Bxb4 Bxb4 27. Qxb4 Qxb4 28. Rxb4 Rc1 29.
Kf1 a5 30. Ra4 Nb6 31. Rxa5 Nc4 32. Nb3 Rb1 33. Rb5 Rxb3 34. Rxb3 Nd2+ 35. Ke2 Nxb3 36.
Nc2 Bc4+ 37. Kd1 Bf1 38. Ne1 g5 39. Kc2 Na5 40. Kc3 Nc6 41. Kd2 Ne7 42. Kc3 Nf5 43. Kb4 Nh4 44. g3 Nf3 45. Nc2 Bxh3 46. Kc5 Bg2 0-1

[Event "Early-Titled-Tuesday-Blitz-September-26-2023"]
[Site "Chess.com"]
[Date "2023.09.26"]
[Round "4"]
[White "rezamahdavi2008"]
[Black "Agibileg"]
[Result "1-0"]
[WhiteElo "2878"]
[BlackElo "2670"]
[TimeControl "180+1"]
[EndTime "8:39:31 PDT"]
[Termination "rezamahdavi2008 won by resignation"]

1. Nf3 Nf6 2. g3 g6 3. b3 Bg7 4.
Bb2 O-O 5. Bg2 d5 6. c4 dxc4 7. bxc4 c5 8. O-O Nc6 9. d3 Re8 10. Nc3 e5 11. Nd2 Be6 12. Rb1 Rb8 13. Ba3 Qa5 14. Qc1 Nd4 15. Re1 b6 16. e3 Nf5 17.
Bb2 Rbd8 18. Qc2 Qa6 19. Rbd1 Qc8 20. Nde4 Nxe4 21. Nxe4 Ne7 22. Bc3 Nc6 23. Qa4 Nb4 24. Bxb4 cxb4 25. Qxb4 Qd7 26. Rd2 f5 27. Ng5 Bf8 28.
Qb3 Kh8 29. Nxe6 Qxe6 30. Red1 Be7 31. Bd5 Qf6 32. Qa4 a5 33. Rb2 Bb4 34. a3 Bc5 35. Rbd2 f4 36. exf4 exf4 37. d4 Bd6 38. Qc6 Rf8 39.
Qxb6 fxg3 40. hxg3 Qg5 41. Rd3 Rxf2 42. Kxf2 Rf8+ 43.
Kg2 Qf6 44. Rf3 1-0

[Event "Early-Titled-Tuesday-Blitz-September-26-2023"]
[Site "Chess.com"]
[Date "2023.09.26"]
[Round "4"]
[White "JoliyRoger"]
[Black "RamonManon0g"]
[Result "1-0"]
[WhiteElo "2505"]
[BlackElo "2297"]
[TimeControl "180+1"]
[EndTime "8:39:31 PDT"]
[Termination "JoliyRoger won by checkmate"]

1. d4 Nf6 2. c4 g6 3. Nc3 d5 4. Nf3 Bg7 5. Bg5 Ne4 6. cxd5 Nxg5 7. Nxg5 e6 8. Nf3 exd5 9. e3 O-O 10. b4 c6 11. Be2 Qe7 12. Qb3 a6 13. O-O Qd7 14. a4 Qe7 15. b5 axb5 16. axb5 Rxa1 17. Rxa1 Nd7 18. bxc6 bxc6 19. Ra7 Qd6 20. Na4 c5 21. Qa3 Qb8 22. Nxc5 Nxc5 23. dxc5 Bf5 24. Nd4 Qb1+ 25. Bf1 Bxd4 26. exd4 Re8 27. Ra8 Rxa8 28. Qxa8+ Kg7 29. Qa3 Qd1 30. Qe3 f6 31. f3 g5 32. g4 Bc2 33. Kg2 Kg6 34. Be2 Qa1 35. c6 Qa5 36. Qe8+ Kh6 37. Qf8+ Kg6 38. Qe8+ Kh6 39. Qf7 Qd2 40.
Qxf6+ Bg6 41. Qf8# 1-0

[Event "Early-Titled-Tuesday-Blitz-September-26-2023"]
[Site "Chess.com"]
[Date "2023.09.26"]
[Round "4"]
[White "DonJuanEGenaro"]
[Black "GameOverBro"]
[Result "0-1"]
[WhiteElo "1858"]
[BlackElo "2421"]
[TimeControl "180+1"]
[EndTime "8:39:31 PDT"]
[Termination "GameOverBro won by resignation"]

1. d4 Nf6 2. Nf3 e6 3. g3 c5 4. c3 Nc6 5. Bg2 b6 6. Nbd2 Bb7 7. O-O Be7 8. e4 d5 9. e5 Ne4 10. Qe2 cxd4 11. cxd4 Qc7 12. Nxe4 dxe4 13. Qxe4 Nb4 14.
Qg4 g6 15. Bh6 Qd7 16. a3 Nd5 17. Rfc1 b5 18. Nd2 a5 19. Bg5 O-O 20. Ne4 Qd8 21.
Bxe7 Qxe7 22. Nf6+ Nxf6 23. exf6 Qd7 24. Qg5 Kh8 25. d5 exd5 26. Rd1 d4 27. Bxb7 Qxb7 28. Qh6 Rg8 29. Rxd4 g5 30. Rad1 Rae8 31. Rd7 Qf3 32. Rxf7 Qxd1+ 33. Kg2 Qd5+ 34. Kh3 Qxf7 0-1

[Event "Early-Titled-Tuesday-Blitz-September-26-2023"]
[Site "Chess.com"]
[Date "2023.09.26"]
[Round "4"]
[White "sonicdravise"]
[Black "HajiyevKanan"]
[Result "0-1"]
[WhiteElo "2647"]
[BlackElo "2486"]
[TimeControl "180+1"]
[EndTime "8:39:32 PDT"]
[Termination "HajiyevKanan won on time"]

1. d4 Nf6 2. c4 e6 3. Nc3 Bb4 4. e3 O-O 5. Ne2 d5 6. a3 Be7 7. cxd5 exd5 8. Nf4 c6 9. Bd3 Bg4 10. f3 Bh5 11. Nxh5 Nxh5 12. O-O Nd7 13. Bc2 Bf6 14.
e4 dxe4 15. fxe4 g6 16. e5 Bg5 17. Qg4 Bxc1 18. Raxc1 Ng7 19. Kh1 f5 20. Qe2 Nb6 21.
Bb3+ Kh8 22. Rcd1 Nd5 23. Nxd5 cxd5 24. Qb5 Rf7 25. Qxd5 Rd7 26. Qc4 Rc8 27. Qd3 Qc7 28. Rfe1 Rcd8 29. d5 Qc5 30. Qc4 Qxc4 31. Bxc4 Ne6 32.
d6 Re8 33. Bb5 Red8 34. Bxd7 Rxd7 35. Rc1 Kg7 36. Rc8 g5 37. Rec1 Kg6 38. g3 f4 39.
Kg2 Kf5 40. R8c7 Rd8 41. Rxh7 Kxe5 42. Rxb7 Rxd6 43. Re1+ Kf5 44. gxf4 Nxf4+ 45. Kf1 Rd2 46. Rxa7 Rxh2 47. Ra5+ Kg4 48. Ree5 Rxb2 49. Rxg5+ Kf3 0-1

[Event "Early-Titled-Tuesday-Blitz-September-26-2023"]
[Site "Chess.com"]
[Date "2023.09.26"]
[Round "4"]
[White "Bauman_Guy"]
[Black "vovachesss"]
[Result "0-1"]
[WhiteElo "2888"]
[BlackElo "2749"]
[TimeControl "180+1"]
[EndTime "8:39:33 PDT"]
[Termination "vovachesss won by resignation"]

1. e4 e5 2. Nf3 d5 3. Nxe5 Bd6 4. d4 dxe4 5. Nc3 Bxe5 6. dxe5 Qxd1+ 7. Kxd1 Bf5 8. Bf4 Nc6 9. Bc4 O-O-O+ 10. Kc1 f6 11. exf6 Nxf6 12. Re1 Rhe8 13. b3 Ne5 14. Be2 Ng6 15.
Be3 Ng4 16. Bxg4 Bxg4 17. h3 Bd7 18. Kb2 Bc6 19. Rad1 b6 20. a4 a5 21. Kc1 Rxd1+ 22. Rxd1 Nh4 23. Rg1 h6 24. Ne2 g5 25. Nd4 Bd7 26. g3 Nf3 27. Nxf3 exf3 28. h4 Rxe3 29. fxe3 Bh3 30. hxg5 hxg5 31. Kd2 f2 32. Rh1 f1=Q 33.
Rxf1 Bxf1 34. Kc3 Kd7 35. b4 Kd6 36. bxa5 bxa5 37. Kd4 c5+ 38. Ke4 Bh3 39. c3 Bd7 40. c4 Bxa4 41. Kf5 Bc2+ 42. Kxg5 a4 43. Kf4 a3 44. e4 a2 45. Ke3 a1=Q 0-1

[Event "Early-Titled-Tuesday-Blitz-September-26-2023"]
[Site "Chess.com"]
[Date "2023.09.26"]
[Round "4"]
[White "IngOscarArdila"]
[Black "LeoLV10"]
[Result "0-1"]
[WhiteElo "2384"]
[BlackElo "2634"]
[TimeControl "180+1"]
[EndTime "8:39:33 PDT"]
[Termination "LeoLV10 won by checkmate"]

1. d4 Nf6 2. c4 e6 3. Nc3 Bb4 4.
Bd2 O-O 5. Nf3 d5 6. e3 c6 7. a3 Be7 8. Bd3 Nbd7 9. O-O Re8 10. Qc2 h6 11. Rfe1 b6 12. e4 dxe4 13. Nxe4 Nxe4 14.
Bxe4 Bb7 15. Ne5 Qc7 16. Bf4 Nxe5 17. Bxe5 Qd7 18. Rad1 Rad8 19. Qe2 Bf8 20. Qf3 f5 21. Bc2 c5 22. Qg3 cxd4 23. Rxd4 Qf7 24. Red1 Rxd4 25. Rxd4 Bc5 26. Rd1 a5 27. h4 Rf8 28. Qf4 Qg6 29. g3 Bc6 30. Bd6 Bxd6 31. Rxd6 Ba8 32. c5 bxc5 33.
Bb3 Kh8 34. Rxe6 Qh5 35. Re7 Rd8 36. Kh2 Qf3 37. Qxf3 Bxf3 38. Re3 Be4 39. Rc3 Rd2 40. Kg1 Rxb2 41. Bf7 Rb1+ 42. Kh2 Rh1# 0-1

[Event "Early-Titled-Tuesday-Blitz-September-26-2023"]
[Site "Chess.com"]
[Date "2023.09.26"]
[Round "4"]
[White "MITerryble"]
[Black "Zohid6"]
[Result "1-0"]
[WhiteElo "2948"]
[BlackElo "2775"]
[TimeControl "180+1"]
[EndTime "8:39:34 PDT"]
[Termination "MITerryble won by resignation"]

1. d4 e6 2. Nf3 Nf6 3. c4 b6 4.
g3 Bb7 5. Bg2 Bb4+ 6. Nbd2 O-O 7.
O-O h6 8. Qc2 Bxd2 9. Bxd2 d6 10. Rfe1 Ne4 11. Ng5 hxg5 12. Bxe4 Bxe4 13. Qxe4 Nd7 14.
Qg4 Qf6 15. Rad1 Rae8 16. Qxg5 Qxg5 17. Bxg5 f5 18. e4 g6 19. e5 Kf7 20. Re3 a5 21. h4 a4 22. Kg2 Ra8 23. Rde1 Rfe8 24. Bf4 dxe5 25. dxe5 Nc5 26. Bg5 Ne4 27. Rd3 Nxg5 28.
hxg5 Rad8 29. Red1 Ke7 30. Rxd8 Rxd8 31. Rxd8 Kxd8 32.
Kf3 c5 33. g4 fxg4+ 34. Kxg4 Kc7 35. Kf4 Kc6 36. Ke4 b5 37. cxb5+ Kxb5 38. Kd3 Kb4 39. f4 Kb5 40. Kc3 Kc6 41. Kc4 Kb6 42. a3 Kc6 43. b3 axb3 44. Kxb3 Kb6 45. Kc4 Kc6 46. a4 Kb6 47. a5+ Kxa5 48. Kxc5 1-0

[Event "Early-Titled-Tuesday-Blitz-September-26-2023"]
[Site "Chess.com"]
[Date "2023.09.26"]
[Round "4"]
[White "Gerasimenyuk_Miha"]
[Black "djano"]
[Result "0-1"]
[WhiteElo "2418"]
[BlackElo "2642"]
[TimeControl "180+1"]
[EndTime "8:39:35 PDT"]
[Termination "djano won by resignation"]

1. d4 d5 2. Nf3 Nf6 3. Bg5 Ne4 4.
Bh4 h5 5. h3 f6 6. Nc3 g5 7.
Bg3 Nxg3 8. fxg3 Qd6 9. Kf2 Bf5 10. e3 h4 11. g4 Bd7 12. Bd3 Rg8 13. Re1 c5 14. e4 cxd4 15. Nxd5 Nc6 16. c4 O-O-O 17. a3 Bg7 18. b4 e6 19. b5 Ne5 20. Nb4 Ng6 21. c5 Qg3+ 22. Kf1 Nf4 23. Qc2 Nxd3 24. Qxd3 f5 25. c6 Be8 26. cxb7+ Kxb7 27. b6 axb6 28. Qa6+ Kc7 29. Rac1+ Kd6 30. Qb7 Rd7 31. Qb8+ Ke7 32.
Nc6+ Kf6 33. Nce5 Re7 34. exf5 Bb5+ 35. Kg1 Rxb8 36. Nxd4 exf5 37. Nxf5 Qxe5 38. Rxe5 Rxe5 0-1

[Event "Early-Titled-Tuesday-Blitz-September-26-2023"]
[Site "Chess.com"]
[Date "2023.09.26"]
[Round "4"]
[White "SAInt_666"]
[Black "MikaelyanArman"]
[Result "1/2-1/2"]
[WhiteElo "2666"]
[BlackElo "2867"]
[TimeControl "180+1"]
[EndTime "8:39:36 PDT"]
[Termination "Game drawn by repetition"]

1. e4 e5 2. Nf3 Nc6 3. Bc4 Bc5 4. c3 Nf6 5. d3 d6 6. O-O a6 7. Bb3 Ba7 8. Nbd2 O-O 9. h3 Be6 10. Re1 Bxb3 11. axb3 a5 12. Nf1 d5 13. Bg5 dxe4 14.
dxe4 h6 15. Qxd8 Rfxd8 16. Bxf6 gxf6 17. Rad1 Ne7 18. Nh4 Rd6 19. Rxd6 cxd6 20. Rd1 Bc5 21. Ng3 Ra6 22. c4 Rb6 23. Rd3 a4 24. bxa4 Rxb2 25. Rf3 Ng6 26. Nhf5 Nf4 27. Nxh6+ Kh7 28. Ng4 Rc2 29.
Nxf6+ Kg6 30. Nd5 Nxd5 31. cxd5 Ra2 32. h4 Rxa4 33. h5+ Kg7 34. Nf5+ Kh7 35. Ng3 Kg7 36.
Nf5+ Kh7 37. Ng3 Kg7 1/2-1/2

[Event "Early-Titled-Tuesday-Blitz-September-26-2023"]
[Site "Chess.com"]
[Date "2023.09.26"]
[Round "4"]
[White "cukin84"]
[Black "Kostukov_Alex"]
[Result "0-1"]
[WhiteElo "2217"]
[BlackElo "2391"]
[TimeControl "180+1"]
[EndTime "8:39:36 PDT"]
[Termination "Kostukov_Alex won by checkmate"]

1. e4 c5 2. Nc3 g6 3. f4 Bg7 4.
Nf3 Nc6 5. Bb5 Nd4 6. Bc4 e6 7. O-O Ne7 8. d3 d5 9. exd5 exd5 10. Bb5+ Nxb5 11. Nxb5 a6 12. Nc3 O-O 13. Kh1 b5 14. d4 b4 15. Ne2 c4 16. c3 a5 17. Ne5 f6 18. Nf3 Bf5 19. Ng3 Bd3 20. Re1 Qd7 21. Be3 Nf5 22. Bf2 Rfe8 23. Qd2 bxc3 24. Qxc3 h5 25. b3 Nxg3+ 26. hxg3 Be4 27. bxc4 dxc4 28. Qxc4+ Bd5 29. Qd3 Kh7 30. Nh4 Qg4 31.
Kg1 Rad8 32. Rac1 Rxe1+ 33. Rxe1 Rd7 34. a3 a4 35. Kh2 Bb3 36. Re8 Kh6 37. Be1 Be6 38.
Bb4 Bf7 39. Ra8 Qe6 40. Bf8 Qd5 41. Bxg7+ Kxg7 42. Rb8 Qxd4 43. Qf3 Qd3 44. Qc6 Re7 45. Qc8 Re8 46. Qc7 Rxb8 47. Qxb8 Qxa3 48. f5 g5 49. Nf3 Qc5 50. Qa8 a3 51. Qa4 a2 52. Kh3 Qxf5+ 53. Kh2 Qb1 54. Nxg5 a1=Q 55. Nxf7 Qh1# 0-1